 Dungeon Sprint DCSS version 0.31-a0-18-gea43df2a32 (webtiles) character file.

Game seed: 9194423053294118335

812 sircluck the Grappler (level 7, -11/80 HPs)
             Began as a Troll Berserker on May 9, 2023.
             Was a Priest of Trog.
             Mangled by a sun demon (17 damage)
             ... summoned by a kobold demonologist
             ... in the Dungeon (Sprint I: "Red Sonja").
             The game lasted 00:00:35 (138 turns).

sircluck the Grappler (Troll Berserker)              Turns: 138, Time: 00:00:36

Health: -11/80     AC:  4    Str: 28    XL:     7   Next: 61%
Magic:  6/6        EV: 11    Int:  3    God:    Trog [***...]
Gold:   280        SH:  0    Dex:  9    Spells: 6/6 levels left

rFire   . .          .
                       - Unarmed
rCold   . . .        (no shield)
rNeg    . . .        a - +0 animal skin
rPois   .            (helmet restricted)
rElec   .            (no cloak)
rCorr   .            (gloves unavailable)
SInv    .            (boots unavailable)
Will    .....        (no amulet)
Stlth   +            (no ring)
HPRegen 1.13/turn    (no ring)
MPRegen 0.10/turn

%: no teleportation
@: no status effects
A: large, unfitting armour, claws 3, regeneration 1, shaggy fur 1, tough skin 1
a: Renounce Religion, Berserk, Trog's Hand


You were in the Dungeon.
You worshipped Trog.
Trog was most pleased with you.
You visited 1 branch You collected 280 gold pieces.

Inventory:

Armour
 a - a +0 animal skin (worn)
Wands
 h - a wand of polymorph (12)
Scrolls
 g - a scroll of blinking
Potions
 b - a potion of curing
 c - a potion of heal wounds
 d - a potion of haste
 e - 2 potions of magic
 f - a potion of berserk rage
 i - a potion of mutation {unknown}


   Skills:
 + Level 8.2 Fighting
 + Level 8.0 Dodging
 + Level 11.2 Unarmed Combat
 + Level 0.6 Evocations


You had 6 spell levels left.
You didn't know any spells.
Your spell library was empty.

Dungeon Overview and Level Annotations

Branches:
Dungeon (1/1)

Altars:
Makhleb
Sif Muna
Vehumet
Wu Jian
Xom
Jiyva
Lugonu


Innate Abilities, Weirdness & Mutations

You are too large for most types of armour.
You have claws for hands.
Your natural rate of healing is unusually fast.
You are covered in fur. (AC +1)
You have tough skin. (AC +1)


Message History

The floating eye is moderately wounded.
The kobold demonologist looks encouraged for a moment.
The kobold demonologist casts a spell.
You mangle the floating eye!!
You kill the floating eye!
Trog accepts your kill.
The kobold demonologist looks satisfied for a moment.
Your Unarmed Combat skill increases to level 10!
You have reached level 7!
You claw the kobold demonologist!
The kobold demonologist is moderately wounded.
The kobold demonologist hits you with a +0 dagger.
The kobold demonologist hits you with a +2 dagger of speed.
You barely miss the kobold demonologist.
The kobold demonologist is moderately wounded.
The kobold demonologist hits you with a +2 dagger of speed.
The kobold demonologist hits you with a +0 dagger.
You claw the kobold demonologist!
The kobold demonologist is severely wounded.
The kobold demonologist barely misses you.
The kobold demonologist hits you but does no damage.
The kobold demonologist hits you with a +0 dagger.
You mangle the kobold demonologist!!
You kill the kobold demonologist!
Trog accepts your kill.
Trog appreciates your killing of a magic user.
The kobold demonologist hits you with a +2 dagger of speed.
Your Fighting skill increases to level 8!
Your Dodging skill increases to level 8!
Your Unarmed Combat skill increases to level 11!
You claw the kobold demonologist!
The kobold demonologist is moderately wounded.
The sun demon hits you!!
You are engulfed in flames!!
The kobold demonologist hits you with a +2 dagger of speed.
You closely miss the kobold demonologist.
The kobold demonologist is moderately wounded.
The sun demon hits you!!
* * * LOW HITPOINT WARNING * * *
You are engulfed in flames!
You die...

#####################
.)..#..'..#__#..@K..#
.#..').#..'..'..#3..#
###'#####'#__####...+
#..# #.#### #### ####
##.# #_.+ +..._#
#_.#+# ##+


You could see a sun demon (summoned) and a kobold demonologist.

Vanquished Creatures
  A kobold demonologist (D)
  A slime creature (D)
  Sigmund (D)
  A floating eye (D)
  An ogre (D)
  A jelly (D)
  Ijyb (D)
7 creatures vanquished.

Notes
Turn   | Place    | Note
-------+----------+-------------------------------------------
     0 | D        | sircluck the Troll Berserker began the quest for the Orb.
     0 | D        | Reached XP level 1. HP: 22/22 MP: 0/0
     1 | D        | Noticed Ijyb
     8 | D        | Killed Ijyb
     9 | D        | Reached skill level 4 in Unarmed Combat
     9 | D        | Reached XP level 2. HP: 26/31 MP: 1/1
    17 | D        | Noticed an ogre
    22 | D        | Killed an ogre
    23 | D        | Reached skill level 5 in Fighting
    23 | D        | Reached skill level 6 in Unarmed Combat
    23 | D        | Reached XP level 3. HP: 23/42 MP: 2/2
    23 | D        | Reached XP level 4. HP: 27/50 MP: 3/3
    55 | D        | Noticed Sigmund
    60 | D        | Killed Sigmund
    60 | D        | Reached ** piety under Trog
    61 | D        | Reached skill level 8 in Unarmed Combat
    61 | D        | Reached XP level 5. HP: 60/61 MP: 4/4
    75 | D        | Found an ornate altar of the Wu Jian Council.
    75 | D        | Found a shimmering blue altar of Sif Muna.
    77 | D        | Found a radiant altar of Vehumet.
    81 | D        | Reached XP level 6. HP: 68/68 MP: 5/5
    87 | D        | Found a burning altar of Makhleb.
    87 | D        | Found a viscous altar of Jiyva.
    87 | D        | Found a shimmering altar of Xom.
    87 | D        | Found a corrupted altar of Lugonu.
    87 | D        | Noticed a slime creature
    94 | D        | Killed a slime creature
    95 | D        | Reached skill level 9 in Unarmed Combat
   128 | D        | Noticed a kobold demonologist
   128 | D        | Noticed a floating eye
   128 | D        | Noticed a kobold demonologist
   132 | D        | Noticed a sun demon
   132 | D        | Killed a floating eye
   132 | D        | Reached *** piety under Trog
   133 | D        | Reached skill level 10 in Unarmed Combat
   133 | D        | Reached XP level 7. HP: 78/78 MP: 6/6
   136 | D        | Killed a kobold demonologist
   137 | D        | Reached skill level 11 in Unarmed Combat
   138 | D        | Mangled by a sun demon

Illustrated notes

Levels and vault maps discovered:
D:        dungeon_sprint_1 [red_sonja_temple_1, red_sonja_temple_small_1]

Skill      XL: |  1  2  3  4  5  6  7 |
---------------+----------------------+-----
Fighting       | 3 5 6 7 8 |  8.2
Dodging        | 3 4 6 7 8 |  8.0
Unarmed Combat | 4 6 8 10 11 | 11.2
Evocations     | |  0.6

Action                     |  1- 3 |  4- 6 |  7- 9 || total
---------------------------+-------+-------+-------++-------
  Melee: Unarmed           |    10 |    13 |     6 ||    29
  Evoke: Wand              |     1 |     1 |       ||     2
 Armour: Animal skin       |     1 |       |     1 ||     2
  Dodge: Dodged            |     3 |     4 |     1 ||     8

Table legend: (Time is in decaauts)
 A = Elapsed time spent in this place.
 B = Non-inter-level travel time spent in this place.
 C = Inter-level travel time spent in this place.
 D = Time resting spent in this place.
 E = Time spent auto-exploring this place.
 F = Levels seen in this place.
 G = Mean time per level.
                   A        B        C        D        E       F      G
               +--------+--------+--------+--------+--------+-----+--------+
         Total |    134 |    134 |      0 |     18 |     55 |   1 |  134.0 |
       Dungeon |    134 |    134 |      0 |     18 |     55 |   1 |  134.0 |
               +--------+--------+--------+--------+--------+-----+--------+

Top non-repeatable levels by time:
       D: 134 daAuts
